 Dungeon Crawl Stone Soup version 0.29.0-11-gd7f09526c8 (webtiles) character file.

Game seed: 1499192049323753315

136 awesomegowd the Covered (level 4, -1/41 HPs)
             Began as a Minotaur Fighter on Sept 3, 2022.
             Slain by an ogre
             ... wielding a +0 giant club
              (23 damage)
             ... on level 4 of the Dungeon.
             The game lasted 00:13:10 (2886 turns).

awesomegowd the Covered (Minotaur Fighter)          Turns: 2886, Time: 00:13:10

Health: -1/41      AC:  8    Str: 22    XL:     4   Next: 98%
Magic:  3/3        EV:  8    Int:  5    God:
Gold:   170        SH:  8    Dex: 10    Spells: 3/3 levels left

rFire   . . .      SeeInvis .   x - +2 short sword (venom)
rCold   . . .      Faith    .   m - +0 kite shield
rNeg    . . .      Spirit   .   b - +1 scale mail
rPois   .          Reflect  .   (helmet restricted)
rElec   .          Harm     .   (no cloak)
rCorr   .          Rampage  .   (no gloves)
Will    .....                   (no boots)
Stlth   ..........              (no amulet)
HPRegen 0.13/turn               (no ring)
MPRegen 0.08/turn               (no ring)

@: no status effects
A: horns 2, retaliatory headbutt
a: no special abilities


You were on level 4 of the Dungeon.
You visited 1 branch of the dungeon, and saw 4 of its levels.

You collected 170 gold pieces.

Inventory:

Hand Weapons
 a - a +0 war axe
 g - a +0 short sword of freezing
 x - a +2 short sword of venom (weapon)
Missiles
 l - 4 stones (quivered)
Armour
 b - a +1 scale mail (worn)
 c - a +0 buckler
 m - a +0 kite shield (worn)
 o - a +0 ring mail of fire resistance
 r - a scarf of harm
Scrolls
 f - a scroll of enchant armour
 n - 2 scrolls of poison {unknown}
 p - 2 scrolls of fog
 s - a scroll of acquirement {unknown}
 u - 2 scrolls of identify
 v - a scroll of teleportation {unknown}
 w - a scroll of amnesia {unknown}
Potions
 d - a potion of might
 e - a potion of flight {unknown}
 h - 2 potions of mutation {unknown}
 i - 4 potions of attraction
 j - a potion of brilliance {unknown}
 k - 2 potions of berserk rage {unknown}
 q - 2 potions of curing {unknown}
 t - 2 potions of ambrosia {unknown}


   Skills:
 + Level 4.4 Fighting
 + Level 4.1 Axes
 + Level 4.6 Armour
 + Level 1.2 Dodging
 + Level 4.1 Shields


You had 3 spell levels left.
You didn't know any spells.
Your spell library contained the following spells:

 Spells                   Type           Power      Damage    Failure   Level
 Foxfire                  Conj/Fire      0%         2x1d4     99%         1
 Sublimation of Blood     Necr           0%         N/A       99%         2
 Conjure Flame            Conj/Fire      0%         6-21      100%        3
 Inner Flame              Hex/Fire       0%         N/A       100%        3
 Flame Wave               Conj/Fire      0%         2d4       100%        4
 Petrify                  Tmut/Erth      0%         N/A       100%        4
 Irradiate                Conj/Tmut      0%         3d11      100%        5


Dungeon Overview and Level Annotations

Branches:
Dungeon (4/15)
 Temple: D:4-7

Altars:
Okawaru
Vehumet


Innate Abilities, Weirdness & Mutations

You have a pair of horns on your head.
You reflexively headbutt those who attack you in melee.


Message History

A ball python comes into view.
You feel sick.
You feel sick.
You feel sick.
Things that are here:
a +2 short sword of venom; a +0 leather armour You feel sick.
You are no longer poisoned.
x - a +2 short sword of venom You hit the ball python.
You kill the ball python!
You see here a ball python corpse.
Your +2 short sword of venom begins to drip with poison!
x - a +2 short sword of venom (weapon)
You see here a +0 ring mail.
Found a scroll of identify.
u - 2 scrolls of identify (gained 1)
Found a stone staircase leading down.
There is a stone staircase leading down here.
As you open the door, it creaks loudly!
An ogre comes into view. It is wielding a +0 giant club.
The ogre shouts!
Found 25 gold pieces, a ring mail and a red potion.
There is an open door here.
You hit the ogre.
The ogre is poisoned.
The ogre is lightly wounded.
You block the ogre's attack.
You hit the ogre but do no damage.
The ogre looks even sicker.
The ogre is lightly wounded.
The ogre hits you with a +0 giant club!
You hit the ogre.
The ogre is lightly wounded.
The ogre hits you but does no damage.
You hit the ogre.
The ogre looks as sick as possible!
The ogre is moderately wounded.
You hit the ogre.
The ogre is heavily wounded.
The ogre hits you with a +0 giant club!!
Ouch! That really hurt!
You die...

#.........#
#.#######.#
#.# #.# #.#
#.#
#########.#
#.#
........#.#
#.#
........#.#
#.#
........#.#
#.#
......O@'>#
#.#
.......$#.#
#.#
...!.[..#.#
#.#
#########.#
#.# #.# #.#
#.# #.###
#.# #.#..
#.# #.#.#
#.# #.#.#


You could see an ogre (extremely poisoned).

Vanquished Creatures
  Natasha (twice) (D:3)
  2 adders
  3 worms
  2 dart slugs (D:1)
  An orc (D:4)
  9 ball pythons
  5 endoplasms (D:1)
  4 giant cockroaches
  5 goblins
  2 hobgoblins (D:1)
  6 kobolds
  3 quokkas
  3 bats
  A frilled lizard (D:1)
  8 rats
56 creatures vanquished.

Notes
Turn   | Place    | Note
-------+----------+-------------------------------------------
     0 | D:1      | awesomegowd the Minotaur Fighter began the quest for the
                  | Orb.
     0 | D:1      | Reached XP level 1. HP: 19/19 MP: 0/0
   142 | D:1      | Reached XP level 2. HP: 7/27 MP: 1/1
   507 | D:1      | Reached XP level 3. HP: 28/33 MP: 2/2
   767 | D:2      | Found a radiant altar of Vehumet.
   953 | D:2      | Found a faded altar of an unknown god.
  1841 | D:3      | Noticed Natasha
  1851 | D:3      | Killed Natasha
  1852 | D:3      | Reached XP level 4. HP: 23/40 MP: 3/3
  1928 | D:3      | Found an iron altar of Okawaru.
  2073 | D:3      | Noticed Natasha
  2077 | D:3      | Killed Natasha
  2698 | D:4      | Reached skill level 1 in Dodging
  2879 | D:4      | Noticed an ogre
  2886 | D:4      | Slain by an ogre

Illustrated notes

Levels and vault maps discovered:
D:1:      zaba_arrival_water, layout_basic, minmay_domino_2
D:2:      layout_basic, basic_altar, ebering_ecumenical_altar_petrified,
          minmay_misc_feat_chi
D:3:      layout_loops_corners, okawaru_metal_pillars_1_2,
          gammafunk_temple_overflow_statue, uniq_natasha
D:4:      layout_basic, minmay_temple_entry_overgrown

Skill      XL: |  1  2  3  4 |
---------------+-------------+-----
Armour         | 4 |  4.6
Fighting       | 4 |  4.4
Shields        | 4 |  4.1
Axes           | 3 4 |  4.1
Dodging        | 1 |  1.2

Action                   |  1- 3 |  4- 6 || total
-------------------------+-------+-------++-------
Melee: War axe           |    75 |    37 ||   112
       Headbutt          |     8 |     9 ||    17
       Short sword       |       |     5 ||     5
  Use: Scroll            |     3 |       ||     3
Armor: Scale mail        |    38 |    33 ||    71
Dodge: Dodged            |    35 |    23 ||    58
Block: Buckler           |    15 |       ||    15
       Kite shield       |    15 |    43 ||    58
